| TOP OF THE 1ST |
|
Auburn Doubledays batting - Pitching for Tri-City Dust Devils : RHP Andres Baca
|
|
Pitching: RHP Andres Baca
|
|
|
Batting: RHB Ryan Short
|
0-0: Ground out 6-3 (Groundball, 6, EV 84.4 MPH)
|
|
Batting: RHB Dan Fallon
|
0-0: Ball 1-0: Swinging Strike 1-1: Fly out, F9 (Flyball, 89M, EV 88.8 MPH)
|
|
Batting: RHB Jack Power
|
0-0: Reached on error, E6 (Groundball, P, EV 82.5 MPH)
|
|
Batting: LHB Pat Cline
|
0-0: Ball 1-0: Ball 2-0: Called Strike 2-1: Ball 3-1: DOUBLE (Line Drive, 89D, EV 105.0 MPH) Jack Power to third
|
|
Batting: RHB Bryan Ernst
|
0-0: Foul Ball, location: 2F 0-1: Ball 1-1: Called Strike 1-2: Foul Ball, location: 2F 1-2: Ball 2-2: Foul Ball, location: 2F 2-2: Ball 3-2: DOUBLE (Groundball, 5L, EV 108.1 MPH) Jack Power scores Pat Cline scores
|
|
Pinch Runner at 2nd Justin Nibblett:
|
|
|
Batting: LHB Ben Montgomery
|
0-0: Ball 1-0: TRIPLE (Flyball, 89XD, EV 111.9 MPH) Justin Nibblett scores
|
|
Batting: RHB Tony Christianson
|
0-0: Ground out 6-3 (Groundball, 56, EV 102.5 MPH)
|
| Top of the 1st over - 3 runs, 3 hits, 1 error, 1 left on base; Auburn 3 - Tri-City 0 |
| BOTTOM OF THE 1ST |
|
Tri-City Dust Devils batting - Pitching for Auburn Doubledays : LHP Jose Cordero
|
|
Pitching: LHP Jose Cordero
|
|
|
Now in RF: Justin Nibblett
|
|
|
Batting: RHB Jose Morrissey
|
0-0: Ball 1-0: Fly out, F4 (Flyball, 34D, EV 95.0 MPH)
|
|
Batting: SHB Tadahito Hamamoto
|
0-0: Ground out 5-3 (Groundball, 56, EV 86.3 MPH)
|
|
Batting: RHB Juan Lopez
|
0-0: Called Strike 0-1: Ball 1-1: Ground out 6-3 (Groundball, 6, EV 89.4 MPH)
|
| Bottom of the 1st over - 0 runs, 0 hits, 0 errors, 0 left on base; Auburn 3 - Tri-City 0 |
| TOP OF THE 2ND |
|
Auburn Doubledays batting - Pitching for Tri-City Dust Devils : RHP Andres Baca
|
|
Batting: RHB Johnny Halvorson
|
0-0: Ball 1-0: Ball 2-0: Called Strike 2-1: Ground out U3 (Groundball, 3, EV 100.0 MPH)
|
|
Batting: LHB Jose Cordero
|
0-0: Fly out, F8 (Flyball, 8LD, EV 98.8 MPH)
|
|
Batting: RHB Ryan Short
|
0-0: Called Strike 0-1: Ball 1-1: Swinging Strike 1-2: Foul Ball, location: 2F 1-2: DOUBLE (Line Drive, 89D, EV 108.8 MPH)
|
|
Batting: RHB Dan Fallon
|
0-0: Ground out 4-3 (Groundball, 4, EV 101.3 MPH)
|
| Top of the 2nd over - 0 runs, 1 hit, 0 errors, 1 left on base; Auburn 3 - Tri-City 0 |
| BOTTOM OF THE 2ND |
|
Tri-City Dust Devils batting - Pitching for Auburn Doubledays : LHP Jose Cordero
|
|
Batting: RHB Jimmy Groseclose
|
0-0: Called Strike 0-1: Called Strike 0-2: Ball 1-2: Ground out 5-3 (Groundball, 56S, EV 91.9 MPH)
|
|
Batting: RHB Andres Valles
|
0-0: Fly out, F3 (Popup, 34, EV 62.5 MPH)
|
|
Batting: RHB Gabriel Duarte
|
0-0: Called Strike 0-1: Hit by Pitch
|
|
Batting: RHB Barend Evers
|
0-0: Ball 1-0: Called Strike 1-1: Ball 2-1: Ball 3-1: Foul Ball, location: 2F 3-2: Base on Balls Gabriel Duarte to second
|
|
Batting: SHB Jose Garcia
|
0-0: Called Strike 0-1: Called Strike 0-2: Fly out, F8 (Flyball, 8RM, EV 94.4 MPH)
|
| Bottom of the 2nd over - 0 runs, 0 hits, 0 errors, 2 left on base; Auburn 3 - Tri-City 0 |
| TOP OF THE 3RD |
|
Auburn Doubledays batting - Pitching for Tri-City Dust Devils : RHP Andres Baca
|
|
Batting: RHB Jack Power
|
0-0: Ground out 6-3 (Groundball, 6, EV 81.9 MPH)
|
|
Batting: LHB Pat Cline
|
0-0: Ball 1-0: SINGLE (Groundball, 4MD, EV 104.4 MPH)
|
|
Batting: RHB Justin Nibblett
|
0-0: Called Strike 0-1: Called Strike 0-2: Ball 1-2: Ball 2-2: Foul Ball, location: 2F 2-2: Ball 3-2: Fielders Choice at 2nd, 6-4 (Groundball, 6, EV 106.3 MPH)
|
|
Batting: LHB Ben Montgomery
|
0-0: Called Strike Justin Nibblett steals 2nd base 0-1: SINGLE (Groundball, 5D, EV 101.3 MPH) Justin Nibblett to third Runner from 3rd tries for Home, SAFE, throw by LF to home
|
|
Batting: RHB Tony Christianson
|
0-0: Called Strike Ben Montgomery steals 2nd base 0-1: Ground out 5-3 (Groundball, 56S, EV 81.3 MPH)
|
| Top of the 3rd over - 1 run, 2 hits, 0 errors, 1 left on base; Auburn 4 - Tri-City 0 |
| BOTTOM OF THE 3RD |
|
Tri-City Dust Devils batting - Pitching for Auburn Doubledays : LHP Jose Cordero
|
|
Batting: RHB Andres Baca
|
0-0: Swinging Strike 0-1: Called Strike 0-2: Strikes out swinging
|
|
Batting: RHB Jose Morrissey
|
0-0: Ball 1-0: Foul Ball, location: 2F 1-1: Ball 2-1: Fly out, F7 (Flyball, 7, EV 96.3 MPH)
|
|
Batting: SHB Tadahito Hamamoto
|
0-0: Ball 1-0: Foul Ball, location: 2F 1-1: Ball 2-1: Called Strike 2-2: Foul Ball, location: 2F 2-2: Foul Ball, location: 2F 2-2: Ball 3-2: Foul Ball, location: 2F 3-2: Base on Balls
|
|
Batting: RHB Juan Lopez
|
0-0: Called Strike Tadahito Hamamoto steals 2nd base 0-1: Ball 1-1: SINGLE (Flyball, 5D, EV 90.0 MPH) Tadahito Hamamoto to third Runner from 3rd tries for Home, SAFE, throw by LF to home
|
|
Batting: RHB Jimmy Groseclose
|
0-0: Ball 1-0: Foul Ball, location: 2F 1-1: Swinging Strike 1-2: Foul Ball, location: 2F 1-2: SINGLE (Groundball, 56D, EV 98.8 MPH) Juan Lopez to second
|
|
Batting: RHB Andres Valles
|
0-0: Ball 1-0: SINGLE (Groundball, 4MD, EV 95.6 MPH) Juan Lopez to third Jimmy Groseclose to second Runner from 3rd tries for Home, SAFE, throw by CF to home
|
|
Batting: RHB Gabriel Duarte
|
0-0: Ball 1-0: Called Strike 1-1: Foul Ball, location: 2F 1-2: Ball 2-2: Strikes out swinging
|
| Bottom of the 3rd over - 2 runs, 3 hits, 0 errors, 2 left on base; Auburn 4 - Tri-City 2 |
| TOP OF THE 4TH |
|
Auburn Doubledays batting - Pitching for Tri-City Dust Devils : RHP Andres Baca
|
|
Now in LF: Jerry Brushett
|
|
|
Batting: RHB Johnny Halvorson
|
0-0: Foul Ball, location: 2F 0-1: Ground out 4-3 (Groundball, 4, EV 94.4 MPH)
|
|
Batting: LHB Jose Cordero
|
0-0: Foul Ball, location: 2F 0-1: Swinging Strike 0-2: Ball 1-2: Ball 2-2: Fly out, F7 (Flyball, 7S, EV 84.4 MPH)
|
|
Batting: RHB Ryan Short
|
0-0: Ground out 4-3 (Groundball, 4MS, EV 85.0 MPH)
|
| Top of the 4th over - 0 runs, 0 hits, 0 errors, 0 left on base; Auburn 4 - Tri-City 2 |
| BOTTOM OF THE 4TH |
|
Tri-City Dust Devils batting - Pitching for Auburn Doubledays : LHP Jose Cordero
|
|
Batting: RHB Barend Evers
|
0-0: Ball 1-0: Called Strike 1-1: Foul Ball, location: 2F 1-2: Fly out, F2 (Popup, 23F, EV 80.0 MPH)
|
|
Batting: SHB Jose Garcia
|
0-0: Foul Ball, location: 2F 0-1: Swinging Strike 0-2: Ball 1-2: SINGLE (Groundball, P, EV 80.6 MPH) (infield hit)
|
|
Batting: RHB Andres Baca
|
0-0: Reached on error, E5 (Groundball, 5S, EV 43.8 MPH) Jose Garcia to third
|
|
Batting: RHB Jose Morrissey
|
0-0: Foul Ball, location: 2F 0-1: Ball 1-1: Swinging Strike 1-2: Fly out, F7 (Flyball, 7LS, EV 83.8 MPH)
|
|
Batting: LHB Jerry Brushett
|
0-0: Ball 1-0: Ball 2-0: Ball 3-0: Called Strike 3-1: Foul Ball, location: 2F 3-2: Foul Ball, location: 2F 3-2: SINGLE (Line Drive, 6MD, EV 99.4 MPH) Jose Garcia scores Andres Baca to third Andres Baca scores
|
|
Batting: RHB Juan Lopez
|
0-0: Swinging Strike 0-1: SINGLE (Groundball, 56D, EV 100.0 MPH) Jerry Brushett to second
|
|
Batting: RHB Jimmy Groseclose
|
0-0: Fly out, F9 (Flyball, 9D, EV 98.8 MPH)
|
| Bottom of the 4th over - 2 runs, 3 hits, 1 error, 2 left on base; Auburn 4 - Tri-City 4 |
| TOP OF THE 5TH |
|
Auburn Doubledays batting - Pitching for Tri-City Dust Devils : RHP Andres Baca
|
|
Batting: RHB Dan Fallon
|
0-0: Called Strike 0-1: Foul Ball, location: 2F 0-2: Ball 1-2: DOUBLE (Flyball, 78XD, EV 113.8 MPH)
|
|
Batting: RHB Jack Power
|
0-0: Ball 1-0: Called Strike 1-1: Ball 2-1: Ball 3-1: Base on Balls
|
|
Batting: LHB Pat Cline
|
0-0: Ball 1-0: Fielders Choice at 2nd, 3-6 (Groundball, 34S, EV 81.3 MPH) Dan Fallon to third
|
|
Batting: RHB Justin Nibblett
|
0-0: Called Strike 0-1: Fielders Choice at 2nd, 6-4 (Groundball, 6M, EV 100.0 MPH) Dan Fallon scores
|
|
Batting: LHB Ben Montgomery
|
0-0: Ball 1-0: Ball 2-0: SINGLE (Line Drive, 7S, EV 93.1 MPH) Justin Nibblett to second
|
|
Batting: RHB Tony Christianson
|
0-0: Ball 1-0: Foul Ball, location: 2F 1-1: Swinging Strike 1-2: Ball 2-2: Ball 3-2: Foul Ball, location: 2F 3-2: Ground out 5-3 (Groundball, 56, EV 84.4 MPH)
|
| Top of the 5th over - 1 run, 2 hits, 0 errors, 2 left on base; Auburn 5 - Tri-City 4 |
| BOTTOM OF THE 5TH |
|
Tri-City Dust Devils batting - Pitching for Auburn Doubledays : LHP Jose Cordero
|
|
Batting: RHB Andres Valles
|
0-0: Swinging Strike 0-1: Called Strike 0-2: Ball 1-2: Ground out U3 (Groundball, 3, EV 83.8 MPH)
|
|
Pitching: RHP Kevin Bonkowski
|
|
|
Batting: RHB Gabriel Duarte
|
0-0: Foul Ball, location: 2F 0-1: Called Strike 0-2: Ball 1-2: Foul Ball, location: 2F 1-2: Fly out, F8 (Flyball, 8LM, EV 94.4 MPH)
|
|
Batting: RHB Barend Evers
|
0-0: Ball 1-0: Ball 2-0: Ball 3-0: Called Strike 3-1: Base on Balls
|
|
Batting: SHB Jose Garcia
|
0-0: Called Strike 0-1: Fly out, F9 (Flyball, 9LD, EV 98.1 MPH)
|
| Bottom of the 5th over - 0 runs, 0 hits, 0 errors, 1 left on base; Auburn 5 - Tri-City 4 |
| TOP OF THE 6TH |
|
Auburn Doubledays batting - Pitching for Tri-City Dust Devils : RHP Andres Baca
|
|
Pitching: RHP Cole Schmidt
|
|
|
Batting: RHB Johnny Halvorson
|
0-0: Swinging Strike 0-1: Ball 1-1: SINGLE (Groundball, 6MD, EV 96.9 MPH)
|
|
Pinch Hitting: RHB Mike Rex
|
0-0: Called Strike 0-1: TRIPLE (Line Drive, 8LXD, EV 101.9 MPH) Johnny Halvorson scores
|
|
Batting: RHB Ryan Short
|
0-0: Called Strike 0-1: Ball 1-1: Called Strike 1-2: Foul Ball, location: 2F 1-2: Ground out 5-3 (Groundball, 25, EV 83.1 MPH)
|
|
Batting: RHB Dan Fallon
|
0-0: Called Strike 0-1: Ground out 5-3 (Groundball, 56S, EV 78.8 MPH)
|
|
Batting: RHB Jack Power
|
0-0: Called Strike 0-1: Swinging Strike 0-2: Foul Ball, location: 2F 0-2: Ball 1-2: Strikes out looking
|
| Top of the 6th over - 1 run, 2 hits, 0 errors, 1 left on base; Auburn 6 - Tri-City 4 |
| BOTTOM OF THE 6TH |
|
Tri-City Dust Devils batting - Pitching for Auburn Doubledays : RHP Kevin Bonkowski
|
|
Pitching: LHP Reuben Brouwer
|
|
|
Pinch Hitting: RHB Luuk Kapitein
|
0-0: Called Strike 0-1: Fly out, F7 (Flyball, 7LM, EV 91.9 MPH)
|
|
Batting: RHB Jose Morrissey
|
0-0: Ball 1-0: Called Strike 1-1: Called Strike 1-2: Foul Ball, location: 2F 1-2: Ball 2-2: Fly out, F7 (Flyball, 78D, EV 80.0 MPH)
|
|
Batting: LHB Jerry Brushett
|
0-0: Foul Ball, location: 2F 0-1: Swinging Strike 0-2: Ball 1-2: Strikes out swinging
|
| Bottom of the 6th over - 0 runs, 0 hits, 0 errors, 0 left on base; Auburn 6 - Tri-City 4 |
| TOP OF THE 7TH |
|
Auburn Doubledays batting - Pitching for Tri-City Dust Devils : RHP Cole Schmidt
|
|
Pitching: RHP John Reffner
|
|
|
Batting: LHB Pat Cline
|
0-0: Ball 1-0: Ball 2-0: Swinging Strike 2-1: Called Strike 2-2: Ball 3-2: Foul Ball, location: 2F 3-2: Foul Ball, location: 2F 3-2: Fly out, F9 (Line Drive, 9, EV 105.6 MPH)
|
|
Batting: RHB Justin Nibblett
|
0-0: Foul Ball, location: 2F 0-1: Called Strike 0-2: Strikes out swinging
|
|
Batting: LHB Ben Montgomery
|
0-0: DOUBLE (Flyball, 89D, EV 110.0 MPH)
|
|
Batting: RHB Tony Christianson
|
0-0: Ball 1-0: Swinging Strike 1-1: Ball 2-1: Foul Ball, location: 2F 2-2: Foul Ball, location: 2F 2-2: Ball 3-2: Base on Balls
|
|
Batting: RHB Johnny Halvorson
|
0-0: Fly out, F6 (Line Drive, 6, EV 68.1 MPH)
|
| Top of the 7th over - 0 runs, 1 hit, 0 errors, 2 left on base; Auburn 6 - Tri-City 4 |
| BOTTOM OF THE 7TH |
|
Tri-City Dust Devils batting - Pitching for Auburn Doubledays : LHP Reuben Brouwer
|
|
Batting: RHB Juan Lopez
|
0-0: Foul Ball, location: 2F 0-1: SINGLE (Flyball, 3D, EV 91.9 MPH)
|
|
Batting: RHB Jimmy Groseclose
|
0-0: Called Strike 0-1: Called Strike 0-2: Fly out, F9 (Flyball, 9S, EV 88.1 MPH)
|
|
Batting: RHB Andres Valles
|
0-0: Ball 1-0: Foul Ball, location: 2F 1-1: SINGLE (Groundball, 56D, EV 101.9 MPH) Juan Lopez to second
|
|
Batting: RHB Gabriel Duarte
|
0-0: Called Strike 0-1: Foul Ball, location: 2F 0-2: Ball 1-2: Foul Ball, location: 2F 1-2: Grounds into double play, 5-4-3 (Groundball, 5, EV 88.1 MPH)
|
| Bottom of the 7th over - 0 runs, 2 hits, 0 errors, 1 left on base; Auburn 6 - Tri-City 4 |
| TOP OF THE 8TH |
|
Auburn Doubledays batting - Pitching for Tri-City Dust Devils : RHP John Reffner
|
|
Pinch Hitting: RHB Jimmy Hasenfus
|
0-0: Ground out 5-3 (Groundball, 5L, EV 104.4 MPH)
|
|
Batting: RHB Ryan Short
|
0-0: Called Strike 0-1: Ball 1-1: Ball 2-1: SINGLE (Line Drive, 8RM, EV 91.9 MPH)
|
|
Pitching: RHP Dan De Kruif
|
|
|
Batting: RHB Dan Fallon
|
0-0: Ball 1-0: Ball Wild Pitch! Ryan Short to second 2-0: Ball Ryan Short steals 3rd base (no throw) 3-0: Called Strike 3-1: DOUBLE (Flyball, 89D, EV 93.1 MPH) Ryan Short scores
|
|
Batting: RHB Jack Power
|
0-0: Reaches on Catchers interference
|
|
Batting: LHB Pat Cline
|
0-0: Called Strike 0-1: Ball 1-1: Fly out, F7 (Flyball, 7S, EV 88.1 MPH)
|
|
Batting: RHB Justin Nibblett
|
0-0: Called Strike 0-1: Called Strike 0-2: Ball 1-2: Foul Ball, location: 2F 1-2: Strikes out swinging
|
| Top of the 8th over - 1 run, 2 hits, 1 error, 2 left on base; Auburn 7 - Tri-City 4 |
| BOTTOM OF THE 8TH |
|
Tri-City Dust Devils batting - Pitching for Auburn Doubledays : LHP Reuben Brouwer
|
|
Pitching: RHP Pedro Alonzo
|
|
|
Batting: RHB Barend Evers
|
0-0: Ball 1-0: Ball 2-0: Ground out 6-3 (Groundball, 6, EV 90.6 MPH)
|
|
Batting: SHB Jose Garcia
|
0-0: Fly out, F7 (Flyball, 78M, EV 89.4 MPH)
|
|
Batting: RHB Dan De Kruif
|
0-0: Foul Ball, location: 2F 0-1: SINGLE (Line Drive, 8RS, EV 111.9 MPH)
|
|
Batting: RHB Jose Morrissey
|
0-0: Called Strike 0-1: Ball 1-1: Ball Passed Ball! Dan De Kruif to second 2-1: Foul Ball, location: 2F 2-2: SINGLE (Line Drive, 78S, EV 103.1 MPH) Dan De Kruif to third
|
|
Batting: LHB Jerry Brushett
|
0-0: SINGLE (Flyball, 34D, EV 96.9 MPH) Dan De Kruif scores Jose Morrissey to second Runner from 2nd tries for 3rd, OUT! 9-5
|
| Bottom of the 8th over - 1 run, 3 hits, 0 errors, 1 left on base; Auburn 7 - Tri-City 5 |
| TOP OF THE 9TH |
|
Auburn Doubledays batting - Pitching for Tri-City Dust Devils : RHP Dan De Kruif
|
|
Batting: LHB Ben Montgomery
|
0-0: Called Strike 0-1: Foul Ball, location: 2F 0-2: TRIPLE (Line Drive, 78XD, EV 108.1 MPH)
|
|
Batting: RHB Tony Christianson
|
0-0: Intentional Walk
|
|
Batting: RHB Johnny Halvorson
|
0-0: Called Strike 0-1: Foul Ball, location: 2F 0-2: Foul Ball, location: 2F 0-2: Ball 1-2: Strikes out looking
|
|
Batting: RHB Pedro Alonzo
|
0-0: Ball 1-0: Bunt missed! 1-1: Bunt missed! 1-2: Bunt missed, Strikeout!
|
|
Batting: RHB Ryan Short
|
0-0: Swinging Strike 0-1: Foul Ball, location: 2F 0-2: Ball 1-2: Strikes out swinging
|
| Top of the 9th over - 0 runs, 1 hit, 0 errors, 2 left on base; Auburn 7 - Tri-City 5 |
| BOTTOM OF THE 9TH |
|
Tri-City Dust Devils batting - Pitching for Auburn Doubledays : RHP Pedro Alonzo
|
|
Batting: RHB Juan Lopez
|
0-0: SOLO HOME RUN (Flyball, 78XD, EV 88.8 MPH), Distance : 408 ft
|
|
Pinch Hitting: RHB J.R. Maher
|
0-0: Ball 1-0: DOUBLE (Flyball, 89XD, EV 112.5 MPH)
|
|
Batting: RHB Andres Valles
|
0-0: Swinging Strike 0-1: Foul Ball, location: 2F 0-2: Strikes out swinging
|
|
Pinch Hitting: RHB Jason Douglas
|
0-0: Ball 1-0: Foul Ball, location: 2F 1-1: Swinging Strike 1-2: Foul Ball, location: 2F 1-2: Foul Ball, location: 2F 1-2: Ball Wild Pitch! J.R. Maher to third 2-2: Foul Ball, location: 2F 2-2: Ball 3-2: Base on Balls
|
|
Pinch Hitting: LHB Ouga Yonai
|
0-0: SINGLE (Groundball, 34D, EV 83.1 MPH) (infield hit) J.R. Maher scores Jason Douglas to second
|
|
Pinch Runner at 2nd Miguel Pulido:
|
|
|
Pinch Hitting: RHB Nate Battermann
|
0-0: Swinging Strike 0-1: Ball 1-1: Called Strike 1-2: Ball 2-2: Foul Ball, location: 2F 2-2: Reached on error, E5 (Groundball, 56S, EV 91.9 MPH) Miguel Pulido to third Ouga Yonai to second
|
|
Pinch Hitting: RHB Justin Erceg
|
0-0: Called Strike 0-1: Fly out, F8 (Flyball, 8LD, EV 86.3 MPH) Runner from 3rd tags up, SCORES, no throw by CF
|
| Bottom of the 9th over - 3 runs, 3 hits, 1 error, 0 left on base; Auburn 7 - Tri-City 8 |
| GAME OVER ... TRI |
|
City defeats Auburn, 8 to 7
|
|
|